Map: Abyssal Reef LE

Players

Yata - Winner!

  • Race: Zerg Zerg
  • League: Silver
  • Spawn Location: 5:00

A.I. 1 (Harder)

  • Race: Zerg Zerg
  • Spawn Location: 11:00

VOD

Have the link to the VOD?

Description

Time

  • Played on: July 17, 2017, 8:47 p.m.
  • Length: 11:38
Show
View Real Time Build Order
Export as new Build Order

Yata Zerg - Winner!

Build Orders: Hatch First 

Get SALT Encoding   

  12  0:01  Drone  
  13  0:12  Overlord  
  13  0:18  Drone  
  14  0:31  Drone x2  
  14  0:35  Drone  
  17  0:56  Hatchery, Drone  
  17  1:00  Drone  
  18  1:10  Extractor  
  17  1:14  Spawning Pool  
  17  1:18  Drone  
  17  1:20  Drone  
  18  1:29  Drone  
  19  1:41  Overlord  
  19  1:51  Drone  
  20  2:03  Queen  
  22  2:08  Queen  
  22  2:10  Zergling x4  
  22  2:14  Metabolic Boost  
  26  2:17  Drone  
  26  2:19  Overlord  
  27  2:24  Drone  
  28  2:35  Baneling Nest  
  27  2:46  Queen  
  27  2:49  Drone  
  27  2:50  Drone x3  
  33  2:55  Drone x2  
  35  3:03  Drone  
  36  3:15  Drone x4  
  36  3:16  Drone  
  36  3:17  Overlord  
  40  3:34  Pneumatized Carapace  
  40  3:42  Hatchery  
  39  4:17  Queen  
  39  4:22  Zergling x4  
  39  4:23  Zergling x6  
  46  4:37  Drone  
  46  4:38  Drone x5  
  52  4:44  Overlord x3  
  51  4:53  Baneling x10, Queen  
  48  5:37  Zergling x20  
  48  5:38  Zergling x16  
  64  5:53  Zergling x14  
  68  6:07  Roach Warren  
  64  6:13  Hatchery  
  63  6:26  Hatchery  
  62  6:36  Lair  
  62  6:47  Evolution Chamber  
  62  6:48  Evolution Chamber  
  60  7:03  Drone x9  
  67  7:13  Drone x3  
  63  7:21  Drone  
  59  7:41  Zergling x2  
  59  7:42  Zergling x16  
  63  7:55  Zerg Melee Weapons Level 1  
  63  7:56  Zerg Ground Armor Level 1  
  63  8:01  Queen  
  65  8:18  Glial Reconstitution  
  65  8:20  Centrifical Hooks  
  65  8:29  Zergling x16  
  65  8:30  Zergling x8  
  77  8:35  Baneling  
  77  8:41  Queen  
  77  8:42  Queen  
  77  8:43  Queen  
  77  8:44  Queen  
  85  8:49  Overlord x5  
  85  8:50  Overlord x2  
  85  8:54  Overseer  
  85  9:14  Overseer  
  85  9:25  Overseer  
  85  9:36  Zergling x2  
  85  9:37  Zergling x44  
  85  9:38  Zergling x2  
  109  9:48  Extractor  
  108  9:59  Unknown  
  104  10:11  Unknown  
  89  10:23  Zergling x2  
  89  10:24  Zergling x30  
  102  10:37  Unknown  
  102  10:42  Zergling x10  
  106  10:43  Zergling x8  
  105  10:56  Drone x4  
  105  11:12  Unknown  
  105  11:14  Hatchery  
  104  11:24  Unknown  
Show
View Real Time Build Order
Export as new Build Order

A.I. 1 (Harder) Zerg 

Build Orders: Pool First 

Get SALT Encoding   

  12  0:00  Drone  
  13  0:12  Overlord  
  13  0:16  Drone  
  14  0:30  Drone x2  
  16  0:42  Spawning Pool  
  16  0:45  Drone  
  17  0:50  Drone  
  17  0:53  Extractor  
  17  0:55  Drone  
  17  1:06  Overlord  
  17  1:29  Queen  
  17  1:31  Zergling x2  
  20  1:35  Zergling x2  
  20  1:38  Drone  
  22  1:40  Roach Warren  
  22  1:41  Extractor  
  20  1:49  Drone  
  21  2:00  Drone  
  22  2:10  Overlord  
  22  2:21  Drone  
  23  2:32  Roach  
  23  2:35  Drone  
  23  2:36  Roach  
  28  2:41  Roach  
  28  2:43  Overlord  
  30  2:54  Roach  
  32  3:05  Roach  
  34  3:09  Roach  
  34  3:12  Overlord  
  36  3:14  Roach  
  36  3:19  Roach  
  40  3:30  Roach  
  42  3:37  Baneling Nest  
  42  3:39  Roach, Drone x2  
  45  3:43  Drone  
  46  3:52  Zergling x2  
  46  3:58  Evolution Chamber  
  45  4:03  Drone  
  46  4:12  Overlord, Drone x2  
  46  4:15  Drone  
  49  4:25  Drone  
  50  4:43  Lair  
  50  5:04  Zerg Melee Weapons Level 1  
  50  5:21  Hatchery  
  49  5:33  Drone  
  49  5:42  Hydralisk Den  
  48  5:44  Burrow  
  48  5:52  Zergling x2  
  46  6:07  Roach  
  30  6:12  Lurker Den  
  30  6:14  Hydralisk  
  32  6:22  Hydralisk  
  34  6:30  Roach  
  36  6:33  Drone  
  36  6:34  Drone x2  
  36  6:36  Drone  
  36  6:38  Roach, Drone  
  36  6:39  Drone x2  
  45  6:42  Extractor  
  45  6:44  Drone  
  45  6:46  Drone  
  46  6:49  Roach, Drone  
  46  6:51  Drone  
  50  6:55  Drone  
  50  6:56  Drone  
  50  6:58  Roach, Zerg Missile Weapons Level 1  
  52  7:02  Roach, Drone  
  52  7:05  Zergling x2  
  52  7:06  Roach  
  52  7:07  Zergling x2  
  52  7:08  Roach  
  54  7:09  Drone  
  54  7:11  Drone x3  
  50  7:17  Hydralisk  
  50  7:18  Drone  
  50  7:19  Roach, Drone  
  50  7:21  Zergling x2, Drone  
  50  7:22  Roach  
  51  7:26  Drone  
  51  7:27  Overlord  
  51  7:29  Roach  
  51  7:30  Drone  
  51  7:34  Drone  
  51  7:36  Drone  
  47  7:40  Drone  
  47  7:41  Drone  
  47  7:51  Drone  
  47  7:53  Hatchery  
  47  7:58  Hydralisk  
  47  7:59  Drone x2  
  47  8:03  Drone  
  52  8:14  Drone, Lurker  
  54  8:25  Roach  
  56  8:28  Infestation Pit  
  56  8:29  Overseer  
  56  8:30  Evolution Chamber  
  56  8:31  Roach  
  56  8:33  Overseer  
  56  8:38  Hatchery  
  55  8:53  Zerg Ground Armor Level 1  
  55  9:05  Infestor  
  57  9:11  Infestor  
  57  9:16  Infestor  
  59  9:22  Infestor  
  63  9:30  Hive  
  63  9:36  Extractor  
  62  9:42  Spore Crawler  
  62  9:44  Spore Crawler  
  60  10:02  Pneumatized Carapace  
  60  10:03  Extractor x2  
  53  10:16  Zergling x2  
  53  10:19  Zergling x4  
  53  10:20  Zergling x6, Hydralisk  
  46  10:24  Drone  
  46  10:25  Overseer  
  46  10:26  Hydralisk  
  46  10:27  Roach  
  48  10:33  Drone x2  
  48  10:34  Drone  
  41  10:41  Viper  
  33  10:49  Drone x5  
  16  11:03  Drone  
  16  11:06  Hatchery  
  15  11:15  Extractor  
Tags
 
League
Silver
Matchup
ZvZ
Race
Zerg
Replay Pack
Pack 1
Spawn Locations
Cross Positions
Add a new tag
Caveats
  • Supply blocks, unpowered buildings, or Contaminate may cause inaccurate times.
  • Supply counts are checked every 10 seconds.